 Dungeon Crawl Stone Soup version 0.18.1-5-g4a78601 (webtiles) character file.

87109 mrath the Basher (level 15, 0/106 HPs)
             Began as a Minotaur Fighter on May 9, 2016.
             Was an Elder of Okawaru.
             Killed by divine providence
             ... invoked by a smoke demon
              (5 damage)
             ... on level 1 of the Abyss on May 11, 2016.
             The game lasted 02:42:42 (28530 turns).

mrath the Basher (Minotaur Fighter)                Turns: 28530, Time: 02:42:42

Health: 0/106      AC: 20    Str: 23    XL:     15   Next: 42%
Magic:  0/14       EV: 14    Int:  3    God:    Okawaru [****..]
Gold:   1769       SH: 19    Dex: 11    Spells: 0 memorised, 14 levels left

rFire  . . .     SeeInvis .     D - +3 war axe (freeze)
rCold  . . .     Gourm    .     B - +4 plate armour
rNeg   + . .     Faith    .     l - +0 large shield
rPois  +         Spirit   +     (helmet restricted)
rElec  .         Dismiss  .     A - +1 cloak
rCorr  .         Reflect  .     O - +0 pair of gloves {Dex+3}
SustAt .         Harm     .     E - +0 pair of boots
MR     +....     Rnd*Rage +     j - amulet of guardian spirit
Stlth  .......... Rnd*Tele +    s - +5 ring of evasion
                                b - ring "Icantie" {rPois rN+ Str+2 Int+2}

@: non-regenerating, somewhat resistant to hostile enchantments, extremely
unstealthy
A: retaliatory headbutt, horns 2, berserk 3, blurry vision 3, clumsy 2, deformed
body, deterioration 2, dopey 2, frail 2, low mp 3, screaming 3, slow
regeneration 3, teleportitis 3, weak 2, no device heal 3, subdued magic 3,
MP-powered wands
a: Heroism, Renounce Religion


You were on level 1 of the Abyss.
You worshipped Okawaru.
Okawaru was greatly pleased with you.
You were not hungry.

You visited 4 branches of the dungeon, and saw 22 of its levels.
You visited the Abyss 1 time.

You collected 1986 gold pieces.
You spent 217 gold pieces at shops.

Inventory:

Hand Weapons
 a - a +0 mace of protection
 y - a +0 morningstar
 D - a +3 war axe of freezing (weapon)
 K - a +0 dire flail of protection
Missiles
 k - 12 tomahawks of returning
 w - 28 tomahawks
 H - 9 javelins of penetration
 L - a javelin of returning (quivered)
 M - 3 javelins
Armour
 l - a +0 large shield (worn)
 A - a +1 cloak (worn)
 B - a +4 plate armour (worn)
 E - a +0 pair of boots (worn)
 G - a +6 plate armour of ponderousness
 O - a +0 pair of gloves of dexterity (worn)
Rods
 U - a +8 lightning rod (12/12)
   (You found it on level 8 of the Lair of Beasts)
Jewellery
 b - the ring "Icantie" (left hand) {rPois rN+ Str+2 Int+2}
   (You found it on level 7 of the Dungeon)

   [ring of poison resistance]

   It affects your strength (+2).
   It affects your intelligence (+2).
   It protects you from poison.
   It protects you from negative energy.
 j - an amulet of guardian spirit (around neck)
 o - an uncursed ring of see invisible
 s - a +5 ring of evasion (right hand)
 v - the amulet of the Air {Inacc +Fly rElec EV+5 RMsl}
   (You found it on level 9 of the Dungeon)

   [amulet of inaccuracy]

   It reduces the accuracy of all your attacks.
   It affects your evasion (+5).
   It insulates you from electricity.
   It lets you fly.
   It protects you from missiles.
 C - an uncursed ring of protection from fire
 J - an uncursed ring of flight
 T - an uncursed ring of protection from cold
Wands
 c - a wand of lightning (9/15)
 I - a wand of teleportation (4/9)
 S - a wand of iceblast (10/15)
Scrolls
 d - 4 scrolls of teleportation
 e - 10 scrolls of remove curse
 i - 2 scrolls of fear
 n - 6 scrolls of fog
 p - 7 scrolls of identify
 x - a scroll of blinking
 N - a scroll of vulnerability {unknown}
Potions
 g - 6 potions of haste
 h - 3 potions of flight
 q - 6 potions of heal wounds
 t - 10 potions of curing
 u - a potion of mutation {unknown}
 F - 4 potions of berserk rage
 W - 5 potions of agility
Miscellaneous
 m - a phantom mirror
 z - a phial of floods
 Y - a stone of tremors
Comestibles
 f - 30 fruits


   Skills:
 + Level 12.2 Fighting
 * Level 3.4(9.5) Axes
 + Level 13.4(13.5) Maces & Flails
 + Level 10.1 Throwing
 + Level 12.3 Armour
 + Level 10.9 Dodging
 + Level 12.3 Shields
 - Level 7.7 Invocations
 + Level 9.4 Evocations


You had 14 spell levels left.
You didn't know any spells.

Dungeon Overview and Level Annotations

Branches:
Dungeon (11/15)            Temple (1/1) D:6            Lair (8/8) D:8
  Swamp (0/4) Lair:6       Spider (0/4) Lair:6        Slime (0/6) Lair:6
    Orc (2/2) D:9             Elf (0/3) Orc:2

Altars:
Cheibriados
Dithmenos
Fedhas
Kikubaaqudgha
Makhleb
Okawaru
Qazlal
Sif Muna
Trog
Yredelemnul
Zin
The Shining One
Beogh

Shops:
D:4 ?   D:7 }   D:9 :   Orc:2 ?*[


Innate Abilities, Weirdness & Mutations

You reflexively headbutt those who attack you in melee.
You have a pair of horns on your head.
[You have an uncontrollable temper.]
[Scrolls take you much longer to read.]
[You are very clumsy. (Dex -4)]
[Armour fits poorly on your strangely shaped body.]
[Your body often deteriorates upon taking damage.]
[You are very dopey. (Int -4)]
[You are very frail (-20% HP).]
[Your magical capacity is extremely low (-30% MP).]
[You frequently scream uncontrollably at your foes.]
[You do not regenerate naturally.]
[You are often teleported next to monsters.]
[You are very weak. (Str -4)]
[Potions and wands cannot restore your health.]
[Your spells are much easier to cast, but much less powerful.]
[You expend magic power (3 MP) to strengthen your wands.]


Message History

You block the smoke demon's attack.
The smoke demon hits you but does no damage.
You block the smoke demon's attack.
You hit the red ugly thing. You freeze the red ugly thing.
You headbutt the red ugly thing, but do no damage.
The red ugly thing is lightly wounded.
You block the red ugly thing's attack.
You slash the red ugly thing! You freeze the red ugly thing.
You headbutt the red ugly thing!
The red ugly thing is heavily wounded.
You block the red ugly thing's attack. x2
You slash the red ugly thing! You freeze the red ugly thing.
The red ugly thing is heavily wounded.
The red ugly thing completely misses you.
You completely miss the red ugly thing. You headbutt the red ugly thing!
The red ugly thing is severely wounded.
The red ugly thing gores you but does no damage.
The smoke demon gestures at you. Something smites you!
You die...

. # #.. # ##
.. ##.#
#.#.##..## .
#..##....
###.#..#.#
#..3.## # ###
.# #.#u##.#.
.... .. .
#..@#..##..##
#####.). #.#.
. .# .###.#..
X# #.# ##.##
. .... #
#.#.. # # .
## . .# # # .


You could see a red ugly thing and a smoke demon.

Vanquished Creatures
  Rupert (Lair:8)
  Gastronok (D:8)
  3 orc warlords
  A stone giant (Orc:2)
  5 dire elephants (Lair:8)
  An eidolon (Abyss:1)
  Snorg (Lair:6)
  Josephine (Lair:6)
  4 hydras
  The ghost of Gekot the Cleaver, a novice MiBe of Trog (Orc:1)
  An anaconda (Lair:8)
  Erica (D:8)
  An ogre mage (Orc:1)
  14 death yaks
  An orc high priest (Orc:2)
  A soul eater (Abyss:1)
  A fire crab (Lair:8)
  3 wretched stars (Abyss:1)
  A giant orange brain (Abyss:1)
  Pikel (D:7)
  2 hill giants
  An orc knight (Orc:2)
  2 griffons (Lair:8)
  A cyclops (Orc:1)
  2 orc sorcerers (Orc:2)
  A deep elf mage (D:9)
  5 large abominations (Abyss:1)
  A worldbinder (Abyss:1)
  30 elephants
  Maurice (D:8)
  8 black mambas
  13 spiny frogs
  A gargoyle (D:9)
  An orange demon (Abyss:1)
  11 komodo dragons
  2 rime drakes (Lair:5)
  An efreet (Abyss:1)
  4 trolls
  Prince Ribbit (D:5)
  A raiju (Abyss:1)
  11 blink frogs
  3 boulder beetles (Lair:4)
  2 two-headed ogres
  A ynoxinul (Abyss:1)
  A flying skull (Abyss:1)
  A shadow (D:9)
  Sigmund (D:2)
  A wyvern (Lair:6)
  4 wraiths (Lair:6)
  A redback (Lair:6)
  29 yaks
  7 basilisks
  2 hungry ghosts (D:9)
  8 hippogriffs
  A human (D:8)
  A warg (Orc:1)
  Menkaure (D:7)
  13 water moccasins
  11 porcupines
  30 orc warriors
  A black bear (D:7)
  2 sky beasts
  A wasp (D:8)
  15 ogres
  3 centaurs
  15 wolves
  20 crocodiles
  2 big kobolds
  20 giant frogs
  2 small abominations (Abyss:1)
  3 scorpions
  6 killer bees
  3 howler monkeys
  3 electric eels (Lair:8)
  A crimson imp (D:5)
  2 giant frog zombies
  3 hounds
  Crazy Yiuf (D:5)
  6 jellies
  27 orc priests
  25 orc wizards
  3 giant frog skeletons
  A gnoll shaman (D:8)
  16 iguanas
  8 worker ants
  6 sheep
  A hound skeleton (D:6)
  A hound zombie (D:10)
  A worker ant zombie (D:11)
  Robin (D:2)
  6 gnolls
  5 adders
  68 river rats
  3 shadow imps
  A white imp (Abyss:1)
  7 oozes
  3 adder skeletons
  An adder zombie (D:8)
  A worm (D:2)
  2 dart slugs (D:2)
  6 giant geckos
  87 orcs
  7 bats
  A bat zombie (D:3)
  5 giant cockroaches
  10 goblins
  13 hobgoblins
  2 quokkas
  4 ball pythons
  6 giant newts
  20 kobolds
  6 rats
  A rat zombie (D:3)
  A spectral orc (D:9)
  3 fungi
  4 plants
734 creatures vanquished.

Vanquished Creatures (others)
  A black mamba (Lair:4)
  2 boulder beetles (Lair:4)
  A giant frog (Lair:4)
  A giant frog skeleton (D:7)
  A bush (Lair:5)
  36 fungi
  28 plants
  4 toadstools (D:1)
74 creatures vanquished.

Grand Total: 808 creatures vanquished

Notes
Turn   | Place    | Note
--------------------------------------------------------------
     0 | D:1      | mrath the Minotaur Fighter began the quest for the Orb.
     0 | D:1      | Reached XP level 1. HP: 19/19 MP: 0/0
   187 | D:1      | Reached skill level 3 in Maces & Flails
   417 | D:1      | Reached XP level 2. HP: 24/26 MP: 1/1
   669 | D:2      | Reached skill level 4 in Maces & Flails
   728 | D:2      | Reached XP level 3. HP: 31/31 MP: 2/2
   976 | D:2      | Noticed Robin
   992 | D:2      | Killed Robin
   992 | D:2      | Reached skill level 5 in Maces & Flails
  1012 | D:2      | Reached XP level 4. HP: 9/39 MP: 3/3
  1370 | D:2      | Noticed Sigmund
  2125 | D:3      | Found an ancient bone altar of Kikubaaqudgha.
  2261 | D:3      | Reached skill level 6 in Maces & Flails
  2261 | D:3      | Reached XP level 5. HP: 44/45 MP: 4/4
  2930 | D:4      | Found a stormy altar of Qazlal.
  2932 | D:4      | Noticed a water elemental
  2933 | D:4      | Noticed an air elemental
  2933 | D:4      | Noticed a fire elemental
  2949 | D:4      | Found Bel Jost's Magic Scroll Emporium.
  2952 | D:4      | Bought a scroll of identify for 28 gold pieces
  2973 | D:4      | Found a glowing silver altar of Zin.
  2985 | D:4      | Reached skill level 1 in Dodging
  3061 | D:4      | Reached XP level 6. HP: 42/52 MP: 5/5
  3219 | D:4      | Reached skill level 1 in Throwing
  3219 | D:4      | Reached skill level 1 in Evocations
  3613 | D:2      | Killed Sigmund
  3731 | D:5      | Entered Level 5 of the Dungeon
  3741 | D:5      | Reached XP level 7. HP: 25/60 MP: 6/7
  4038 | D:5      | Noticed Crazy Yiuf
  4049 | D:5      | Killed Crazy Yiuf
  4049 | D:5      | Reached skill level 7 in Maces & Flails
  4323 | D:5      | Reached skill level 5 in Armour
  4429 | D:5      | Reached skill level 5 in Fighting
  4609 | D:5      | Noticed Prince Ribbit
  4707 | D:5      | Found a shadowy altar of Dithmenos.
  4846 | D:5      | Reached XP level 8. HP: 31/68 MP: 8/8
  5093 | D:5      | Killed Prince Ribbit
  5093 | D:5      | Reached skill level 5 in Shields
  5503 | D:6      | Found a staircase to the Ecumenical Temple.
  5511 | Temple   | Entered the Ecumenical Temple
  5557 | Temple   | Became a worshipper of Warmaster Okawaru
  6345 | D:6      | Found a burning altar of Makhleb.
  6933 | D:7      | Noticed Menkaure
  6940 | D:7      | Killed Menkaure
  6940 | D:7      | Reached skill level 8 in Maces & Flails
  6966 | D:7      | Got a warped bone ring
  6973 | D:7      | Identified the ring "Icantie" {rPois rN+ Str+2 Int+2} (You found it on level 7 of the Dungeon)
  6978 | D:7      | Found Daruam's Gadget Emporium.
  7208 | D:7      | Noticed Pikel
  7242 | D:7      | Killed Pikel
  7242 | D:7      | Reached * piety under Okawaru
  7242 | D:7      | Reached skill level 1 in Invocations
  7242 | D:7      | Reached XP level 9. HP: 77/77 MP: 10/10
  7328 | D:7      | Found a glowing golden altar of the Shining One.
  7509 | D:8      | Noticed Gastronok
  7529 | D:8      | Killed Gastronok
  7529 | D:8      | Reached ** piety under Okawaru
  7529 | D:8      | Reached *** piety under Okawaru
  7529 | D:8      | Reached skill level 5 in Dodging
  7529 | D:8      | Reached XP level 10. HP: 8/86 MP: 1/12
  7529 | D:8      | HP: 6/129 [shadow imp (2)]
  7763 | D:8      | Noticed Maurice
  7765 | D:8      | Noticed Erica
  7765 | D:8      | Noticed a hill giant
  7831 | D:7      | Reached skill level 5 in Throwing
  8175 | D:8      | Reached skill level 9 in Maces & Flails
  8248 | D:8      | Killed Maurice
  8453 | D:8      | Killed a hill giant
  8453 | D:8      | Reached **** piety under Okawaru
  8673 | D:8      | Found a staircase to the Lair.
  8750 | D:8      | Killed Erica
  8875 | D:8      | Reached skill level 5 in Evocations
  8987 | D:9      | You fall through a shaft for 2 floors!
  9204 | D:11     | Noticed a cyclops
  9314 | D:10     | Entered Level 10 of the Dungeon
  9936 | D:8      | Received a gift from Okawaru
 10216 | D:9      | Found a staircase to the Orcish Mines.
 10292 | D:9      | Found a basalt altar of Yredelemnul.
 10395 | D:9      | Found Teap's Book Boutique.
 10511 | D:9      | Noticed a deep elf mage
 10570 | Lair:1   | Entered Level 1 of the Lair of Beasts
 10669 | Lair:1   | Reached XP level 11. HP: 22/94 MP: 3/14
 11174 | Lair:1   | Received a gift from Okawaru
 11174 | Lair:1   | Reached skill level 10 in Maces & Flails
 11542 | Lair:1   | Reached ***** piety under Okawaru
 11566 | Lair:1   | Noticed an eight-headed hydra
 11579 | Lair:1   | Killed an eight-headed hydra
 11805 | Lair:1   | Received a gift from Okawaru
 12533 | Lair:1   | Reached skill level 5 in Invocations
 12782 | Lair:2   | Got a warped long sword
 13062 | Lair:2   | Received a gift from Okawaru
 13110 | Lair:2   | Found a bloodstained altar of Trog.
 14087 | Lair:3   | Noticed a five-headed hydra
 14109 | Lair:3   | Killed a five-headed hydra
 14571 | Lair:3   | Received a gift from Okawaru
 14578 | Lair:3   | Reached XP level 12. HP: 85/103 MP: 13/15
 15371 | Lair:4   | Received a gift from Okawaru
 15474 | Lair:4   | Reached skill level 11 in Maces & Flails
 16910 | Lair:5   | Noticed a death yak
 16911 | Lair:5   | Noticed a death yak
 16912 | Lair:5   | Noticed a death yak
 16932 | Lair:4   | Killed a death yak
 17317 | Lair:5   | Received a gift from Okawaru
 17331 | Lair:5   | Reached skill level 10 in Armour
 17712 | Lair:5   | Killed a death yak
 17737 | Lair:5   | Killed a death yak
 17754 | Lair:5   | Reached skill level 10 in Fighting
 18207 | Lair:5   | Noticed a death yak
 18224 | Lair:5   | Killed a death yak
 18224 | Lair:5   | Reached XP level 13. HP: 113/113 MP: 15/17
 18382 | Lair:5   | Reached skill level 10 in Shields
 18880 | Lair:2   | Identified the +11 long sword of the End of Times {holy, rN+ MR+ MP+9 Str-4} (You found it on level 2 of the Lair of Beasts)
 19055 | Lair:6   | Found a hole to the Spider Nest.
 19183 | Lair:6   | Noticed Josephine
 19192 | Lair:6   | Received a gift from Okawaru
 19211 | Lair:6   | Killed Josephine
 19239 | Lair:6   | Noticed Snorg
 19255 | Lair:6   | Killed Snorg
 19439 | Lair:6   | Found a staircase to the Swamp.
 19757 | Lair:6   | Reached skill level 12 in Maces & Flails
 19869 | Lair:6   | Found a staircase to the Slime Pits.
 20589 | Lair:7   | Found a blossoming altar of Fedhas.
 21282 | Lair:8   | Entered Level 8 of the Lair of Beasts
 21290 | Lair:8   | Received a gift from Okawaru
 21511 | Lair:8   | Noticed Rupert
 21515 | Lair:8   | Paralysed by Rupert for 2 turns
 21534 | Lair:8   | Killed Rupert
 21534 | Lair:8   | Received a gift from Okawaru
 21534 | Lair:8   | Reached XP level 14. HP: 124/124 MP: 19/19
 21720 | Lair:8   | Received a gift from Okawaru
 21980 | Lair:8   | Received a gift from Okawaru
 22469 | Lair:8   | Received a gift from Okawaru
 22946 | Lair:8   | Reached skill level 10 in Dodging
 23045 | Lair:8   | Received a gift from Okawaru
 24760 | D:9      | Received a gift from Okawaru
 25429 | D:4      | Bought a scroll of blinking for 105 gold pieces
 25429 | D:4      | Bought 3 scrolls of identify for 84 gold pieces
 25528 | Orc:1    | Entered Level 1 of the Orcish Mines
 25546 | Orc:1    | Noticed Gekot's ghost (novice MiBe)
 25556 | Orc:1    | Reached skill level 13 in Maces & Flails
 25562 | Orc:1    | Noticed an orc warlord
 25578 | Orc:1    | Killed Gekot's ghost
 25600 | D:9      | Killed an orc warlord
 25600 | D:9      | Received a gift from Okawaru
 26078 | Orc:1    | Noticed an orc warlord
 26112 | Orc:1    | Killed an orc warlord
 26112 | Orc:1    | Reached XP level 15. HP: 123/132 MP: 13/20
 26535 | Orc:2    | Entered Level 2 of the Orcish Mines
 26559 | Orc:2    | Found a staircase to the Elven Halls.
 26723 | Orc:2    | Found Fahox's Assorted Antiques.
 26750 | Orc:2    | Found a roughly hewn altar of Beogh.
 26877 | Orc:2    | Found a roughly hewn altar of Beogh.
 26977 | Orc:2    | Noticed an orc warlord
 27002 | Orc:2    | Killed an orc warlord
 27214 | Orc:2    | Reached skill level 1 in Axes
 27258 | Orc:2    | Found a roughly hewn altar of Beogh.
 27426 | Orc:2    | Found a roughly hewn altar of Beogh.
 27430 | Orc:2    | Found Barha's Magic Scroll Emporium.
 27552 | Orc:2    | Found a roughly hewn altar of Beogh.
 27555 | Orc:2    | Found Kuufonoj's Antique Armour Emporium.
 27605 | Orc:2    | Found a roughly hewn altar of Beogh.
 27826 | Orc:2    | Reached skill level 10 in Throwing
 27830 | Orc:2    | Noticed an orc warlord
 27830 | Orc:2    | Cast into level 1 of the Abyss (orc warrior)
 27896 | Abyss:1  | Found a corrupted altar of Lugonu.
 27902 | Abyss:1  | Noticed a daeva
 27947 | Abyss:1  | Found a corrupted altar of Lugonu.
 28128 | Abyss:1  | Found a deep blue altar of Sif Muna.
 28274 | Abyss:1  | HP: 5/106 [eidolon (6)]
 28523 | Abyss:1  | HP: 5/106 [smoke demon/divine providence (5)]
 28530 | Abyss:1  | Killed from afar by a smoke demon

Skill      XL: |  1  2  3  4  5  6  7  8  9 10 11 12 13 14 15 |
---------------+----------------------------------------------+-----
Maces & Flails | 3 4 5 6 7 8 9 10 11 12 13 | 13.4
Dodging        | 1 2 4 5 7 8 9 10 | 10.9
Armour         | 4 5 6 7 8 9 10 11 12 | 12.3
Fighting       | 4 5 6 7 8 10 11 12 | 12.2
Throwing       | 1 2 4 5 6 7 8 9 10 | 10.1
Evocations     | 1 2 3 4 5 6 7 8 9 |  9.4
Shields        | 4 5 6 7 8 9 10 11 12 | 12.3
Invocations    | 1 2 4 5 6 7 |  7.7
Axes           | 3 |  3.4

Action                   |  1- 3 |  4- 6 |  7- 9 | 10-12 | 13-15 || total
-------------------------+-------+-------+-------+-------+-------++-------
Melee: Flail             |   111 |   138 |   184 |  1031 |  1165 ||  2629
       Headbutt          |    11 |    18 |    51 |   296 |   546 ||   922
       Morningstar       |       |       |       |       |    89 ||    89
       War axe           |       |       |       |       |   346 ||   346
       Mace              |       |       |       |       |    63 ||    63
Throw: Tomahawk          |       |     5 |    36 |    21 |     3 ||    65
       Stone             |       |     1 |       |     3 |       ||     4
       Javelin           |       |       |       |    51 |   139 ||   190
Invok: Heroism           |       |       |     1 |    23 |    28 ||    52
       Finesse           |       |       |       |     5 |    14 ||    19
  Use: Potion            |     1 |       |     1 |       |     1 ||     3
       Scroll            |       |     2 |     3 |     7 |    13 ||    25
  Eat: Chunk             |       |     9 |     9 |    36 |    37 ||    91
       Pizza             |       |       |     1 |       |       ||     1
       Beef jerky        |       |       |     1 |     1 |       ||     2
       Fruit             |       |       |       |     2 |     2 ||     4
       Meat ration       |       |       |       |       |     1 ||     1
Armor: Scale mail        |    48 |    63 |    25 |       |       ||   136
       Chain mail        |       |       |    22 |       |       ||    22
       Plate armour      |       |       |    30 |   346 |   329 ||   705
Dodge: Dodged            |    29 |    35 |    42 |   245 |   540 ||   891
Block: Shield            |    52 |    74 |    91 |   174 |       ||   391
       Large shield      |       |       |       |   674 |  1570 ||  2244
